 Dungeon Crawl Stone Soup version 0.25-a0-353-ged6d54792d (webtiles) character file.

Game seed: 897348029475494678, levelgen mode: deterministic

163 PentaManta the Ducker (level 5, -1/25 HPs)
             Began as a Spriggan Gladiator on Jan 2, 2020.
             Killed by divine providence
             ... invoked by an orc priest
              (13 damage)
             ... on level 4 of the Dungeon.
             The game lasted 00:05:45 (3227 turns).

PentaManta the Ducker (Spriggan Gladiator)          Turns: 3227, Time: 00:05:45

Health: -1/25      AC:  3    Str: 10    XL:     5   Next: 20%
Magic:  6/6        EV: 21    Int: 10    God:
Gold:   108        SH:  5    Dex: 18    Spells: 4/4 levels left

rFire    . . .     SeeInvis +   a - +0 rapier
rCold    + . .     Gourm    .   r - +0 buckler
rNeg     . . .     Faith    .   b - +0 robe
rPois    .         Spirit   .   c - +1 hat
rElec    .         Reflect  .   (no cloak)
rCorr    .         Harm     .   (gloves unavailable)
MR       .....                  (boots unavailable)
Stlth    +++.......             (no amulet)
HPRegen  0.08/turn              e - ring of protection from cold
MPRegen  0.10/turn              (no ring)

@: very quick
A: very small, unfitting armour, see invisible, herbivore, speed 3, slow
metabolism 2
a: no special abilities


You were on level 4 of the Dungeon.
You were not hungry.

You visited 1 branch of the dungeon, and saw 4 of its levels.

You collected 108 gold pieces.

Inventory:

Hand Weapons
 a - a +0 rapier (weapon)
Missiles
 d - a throwing net (quivered)
 t - 5 poisoned darts
Armour
 b - a +0 robe (worn)
 c - a +1 hat (worn)
 r - a +0 buckler (worn)
Jewellery
 e - a ring of protection from cold (left hand)
 m - a cursed amulet of inaccuracy {unknown}
Scrolls
 h - 2 scrolls of remove curse
 i - a scroll of random uselessness {unknown}
 j - a scroll of enchant armour
 q - a scroll of identify
Potions
 g - a potion of invisibility {unknown}
 k - a potion of ambrosia {unknown}
 l - 2 potions of haste
 n - a potion of might
 o - a potion of heal wounds
 p - a potion of berserk rage {unknown}
 s - 2 potions of agility {unknown}
Comestibles
 f - 6 rations


   Skills:
 - Level 1.5 Fighting
 + Level 4.6 Short Blades
 - Level 2.0 Throwing
 + Level 6.1 Dodging
 + Level 4.3 Stealth


You had 4 spell levels left.
You didn't know any spells.
Your spell library contained the following spells:

 Spells                   Type           Power        Failure   Level  Hunger
 Confusing Touch          Hex            #.....       54%         1    ##.....
 Confuse                  Hex            #.......     88%         3    ####...
 Gell's Gravitas          Tloc           #.........   88%         3    ####...
 Petrify                  Tmut/Erth      #.......     99%         4    #####..
 Metabolic Englaciation   Hex/Ice        #.........   100%        5    ######.
 Yara's Violent Unravell  Hex/Tmut       #.........   100%        5    ######.


Dungeon Overview and Level Annotations

Branches:
Dungeon (4/15)
 Temple: D:4-7

Altars:


Innate Abilities, Weirdness & Mutations

You are very small and have problems with some larger weapons.
You are too small for most types of armour.
You have supernaturally acute eyesight. (SInv)
You are a herbivore.
You cover ground extremely quickly.
You need to consume almost no food.


Message History

You throw a throwing net. The throwing net hits the orc priest.
The orc priest is caught in the net!
The orc priest is moderately wounded.
The orc priest struggles against the net.
You hit the orc priest but do no damage.
The orc priest is moderately wounded.
The orc priest mumbles some strange prayers to Beogh against you.
You resist with significant effort.
The orc priest struggles against the net.
You hit the orc priest but do no damage.
The orc priest is moderately wounded.
You hit the orc priest but do no damage.
The orc priest is moderately wounded.
The orc priest struggles against the net.
You completely miss the orc priest.
The orc priest is moderately wounded.
The orc priest invokes the aid of Beogh against you.
Beogh smites you!
Ouch! That really hurt!
You die...

#..[......#
#.........#
#.........###
#...........
#.....=...#
#.........#
#.........#
#.....@o..#
#.........#
##..<....##
##.....##
#######


You could see an orc priest (caught).

Vanquished Creatures
  An orc wizard (D:3)
  6 adders
  A worm (D:2)
  3 dart slugs
  2 leopard geckos (D:2)
  8 orcs (D:3)
  3 giant cockroaches
  4 goblins
  9 hobgoblins
  3 jackals (D:1)
  4 kobolds
  5 bats
  7 frilled lizards
  A quokka skeleton (D:4)
  9 rats
66 creatures vanquished.

Notes
Turn   | Place    | Note
-------+----------+-------------------------------------------
     0 | D:1      | PentaManta the Spriggan Gladiator began the quest for the
                  | Orb.
     0 | D:1      | Reached XP level 1. HP: 10/10 MP: 2/2
    44 | D:1      | Reached skill level 1 in Stealth
   122 | D:1      | Reached XP level 2. HP: 13/14 MP: 3/3
   538 | D:1      | Reached skill level 5 in Dodging
   751 | D:2      | Reached XP level 3. HP: 18/18 MP: 4/4
  1336 | D:2      | Reached XP level 4. HP: 13/22 MP: 5/5
  2450 | D:3      | Reached skill level 6 in Dodging
  2450 | D:3      | Reached XP level 5. HP: 15/25 MP: 6/6
  3227 | D:4      | Killed from afar by an orc priest

Levels and vault maps discovered:
D:1:      dpeg_arrival_refuge, layout_loops_ring
D:2:      layout_basic
D:3:      layout_basic
D:4:      kennysheep_big_flooded_room, layout_rooms,
          nicolae_overflow_crystal_walls, first_ration,
          chequers_serial_rivers_micro_b, uniq_ijyb, uniq_robin, uniq_duvessa

Skill      XL: |  1  2  3  4 |
---------------+-------------+-----
Stealth        | 1 2 3 4 |  4.3
Dodging        | 5 6 |  6.1
Short Blades   | 4 |  4.6
Fighting       | |  1.5
Throwing       | |  2.0

Action                   |  1- 3 |  4- 6 || total
-------------------------+-------+-------++-------
Melee: Dagger            |    71 |       ||    71
       Rapier            |    78 |    93 ||   171
Throw: Throwing net      |     1 |     2 ||     3
  Use: Scroll            |       |     7 ||     7
 Stab: Sleeping          |     5 |     4 ||     9
       Held in net/web   |     1 |     1 ||     2
Armor: Robe              |     9 |     2 ||    11
Dodge: Dodged            |   143 |    71 ||   214
Block: Buckler           |       |    18 ||    18

Table legend:
 A = Non-vault XP
 B = Vault XP
 C = Vault XP percentage of total XP
 D = Non-vault monster count
 E = Vault monster count
 F = Vault count percentage of total count
                 A         B        C        D         E       F
            +---------+---------+-------+---------+---------+-------
      Total |     233 |       0 |   0.0 |      66 |       0 |   0.0
            +---------+---------+-------+---------+---------+-------
        D:1 |      32 |       0 |   0.0 |      23 |       0 |   0.0
        D:2 |      89 |       0 |   0.0 |      22 |       0 |   0.0
        D:3 |     111 |       0 |   0.0 |      20 |       0 |   0.0
        D:4 |       1 |       0 |   0.0 |       1 |       0 |   0.0
            +---------+---------+-------+---------+---------+-------
